 Dungeon Crawl Stone Soup version 0.17-a0-1910-g4c791fa (webtiles) character file.

2661 ololoev the Cleaver (level 9, -2/81 HPs)
             Began as a Hill Orc Gladiator on Sept 24, 2015.
             Was an Initiate of Makhleb.
             Slain by a killer bee (3 damage)
             ... on level 8 of the Dungeon on Sept 25, 2015.
             The game lasted 00:24:36 (2550 turns).

ololoev the Cleaver (Hill Orc Gladiator)            Turns: 2550, Time: 00:24:36

Health: -2/81      AC: 11    Str: 21    XL:     9   Next: 63%
Magic:  11/11      EV: 10    Int:  8    God:    Makhleb [......]
Gold:   39         SH:  0    Dex: 11    Spells: 0 memorised, 8 levels left

rFire  . . .     SeeInvis +     a - +1 broad axe (freeze)
rCold  . . .     Clarity  .     m - +0 scale mail
rNeg   . . .     SustAt   .     (no shield)
rPois  .         Gourm    .     c - +0 helmet
rElec  .         Spirit   .     (no cloak)
rCorr  .         Warding  .     (no gloves)
rMut   .         Stasis   .     (no boots)
MR     .....                    (no amulet)
Stlth  ..........               r - ring of see invisible
                                g - +2 ring of protection

@: lethally poisoned (-2 -> -6), not resistant to hostile enchantments,
extremely unstealthy
A: no striking features
a: Renounce Religion

Inventory:

Hand weapons
 a - a +1 broad axe of freezing (weapon)
Missiles
 d - 3 throwing nets (quivered)
Armour
 c - a +0 helmet (worn)
 m - a +0 scale mail (worn)
Jewellery
 g - a +2 ring of protection (left hand)
 r - a ring of see invisible (right hand)
Magical devices
 l - a wand of digging (15)
Scrolls
 h - a scroll of fog
 j - a scroll of remove curse
 k - 2 scrolls of blinking
 q - 2 scrolls of magic mapping
 s - a scroll of teleportation
 u - 2 scrolls of amnesia
Potions
 t - a potion of curing
Comestibles
 e - 2 bread rations
 n - 4 fruits
 o - 4 meat rations
 v - a slice of pizza
 B - a beef jerky


   Skills:
 + Level 8.0 Fighting
 * Level 11.8 Axes
 - Level 2.0 Throwing
 + Level 6.6 Armour
 - Level 2.4 Dodging
 + Level 3.6 Invocations


You had 8 spell levels left.
You didn't know any spells.


You were on level 8 of the Dungeon.
You worshipped Makhleb.
Makhleb was noncommittal.
You were hungry.

You visited 2 branches of the dungeon, and saw 10 of its levels.

You collected 204 gold pieces.
You spent 165 gold pieces at shops.

..≈≈≈...##..#.#
..≈≈≈...###.#.################
...≈....# #.#.......<........#
........# #...##.............#
##..##.............# ##
#..##.........)...# .###########
#..##)............#
...........####y.##...).........#
..........).....@##.............#
......≈.?..########.............#
.....≈≈....# #.............#
....≈≈≈....# ###############
....≈≈.....# ...........#
...........# ...........#
...........#

Notes
Turn   | Place    | Note
--------------------------------------------------------------
     0 | D:1      | ololoev the Hill Orc Gladiator began the quest for the Orb.
     0 | D:1      | Reached XP level 1. HP: 18/18 MP: 1/1
   117 | D:2      | Reached XP level 2. HP: 20/25 MP: 2/2
   146 | D:2      | Reached skill level 1 in Armour
   147 | D:2      | Reached XP level 3. HP: 13/30 MP: 3/3
   165 | D:2      | Found a glowing silver altar of Zin.
   209 | D:2      | Reached skill level 5 in Axes
   516 | D:5      | Entered Level 5 of the Dungeon
   547 | D:5      | Found a glowing golden altar of the Shining One.
   587 | D:5      | Noticed PeterLawrence's ghost (average MiFi)
   602 | D:5      | Killed PeterLawrence's ghost
   602 | D:5      | Reached skill level 7 in Axes
   602 | D:5      | Reached XP level 4. HP: 18/40 MP: 4/4
   602 | D:5      | Reached XP level 5. HP: 20/46 MP: 5/5
   602 | D:5      | Reached XP level 6. HP: 22/52 MP: 6/6
   633 | D:5      | Found a basalt altar of Yredelemnul.
   780 | D:5      | Noticed a slave
   780 | D:5      | Noticed a slave
   795 | D:5      | Killed a slave
   797 | D:5      | Noticed a slave
   802 | D:5      | Killed a slave
   805 | D:5      | Noticed a slave
   921 | D:6      | Reached XP level 7. HP: 26/60 MP: 7/7
   950 | D:6      | Noticed PeterLawrence's ghost (experienced MiFi)
  1071 | D:4      | Reached skill level 5 in Fighting
  1213 | D:4      | Got a transparent spear
  1224 | D:4      | Identified the +6 spear of Causality {drain, Dex+4} (You found it on level 4 of the Dungeon)
  1301 | D:5      | Noticed Pikel
  1310 | D:5      | Killed a slave
  1316 | D:5      | Killed Pikel
  1316 | D:5      | Reached skill level 9 in Axes
  1316 | D:5      | Reached XP level 8. HP: 48/70 MP: 8/8
  1439 | D:6      | Reached skill level 5 in Armour
  1474 | D:6      | Found Koytamn's Distillery.
  1487 | D:6      | Reached skill level 10 in Axes
  1504 | D:6      | Bought a potion of curing for 45 gold pieces
  1504 | D:6      | Bought a potion of berserk rage for 75 gold pieces
  1504 | D:6      | Bought a potion of curing for 45 gold pieces
  1542 | D:6      | Found a staircase to the Ecumenical Temple.
  1548 | D:6      | Noticed Edmund
  1551 | Temple   | Entered the Ecumenical Temple
  1575 | Temple   | Became a worshipper of Makhleb the Destroyer
  1747 | D:6      | Killed Edmund
  1794 | D:7      | Found a sparkling altar of Nemelex Xobeh.
  1795 | D:7      | Found an opulent altar of Gozag.
  1821 | D:7      | Upgraded the game from 0.17-a0-1900-g45e8110 to 0.17-a0-1910-g4c791fa
  1936 | D:7      | Reached skill level 1 in Invocations
  1936 | D:7      | Reached XP level 9. HP: 48/79 MP: 9/9
  2059 | D:7      | Reached skill level 11 in Axes
  2207 | D:9      | Found a snail-covered altar of Cheibriados.
  2222 | D:9      | Found a white marble altar of Elyvilon.
  2403 | D:7      | Found a bloodstained altar of Trog.
  2550 | D:8      | HP: 1/81 [killer bee (8)]
  2550 | D:8      | Slain by a killer bee

Dungeon Overview and Level Annotations

Branches:
Dungeon (9/15)             Temple (1/1) D:6
   Lair: D:8-11         Orc: D:9-12

Altars:
Cheibriados
Dithmenos
Elyvilon
Gozag
Kikubaaqudgha
Makhleb
Nemelex Xobeh
Qazlal
Ru
Sif Muna
Trog
Vehumet
Xom
Yredelemnul
Zin
The Shining One

Shops:
D:6 !

Annotations:
D:6 PeterLawrence's ghost, experienced MiFi


Message History

The killer bee stings you. The killer bee barely misses you.
You miss the killer bee.
The killer bee is moderately wounded.
You feel sick. The killer bee closely misses you.
The killer bee barely misses you.
Drink which item? (? for menu, Esc to quit)
You feel better. The killer bee misses you.
The killer bee stings you but does no damage.
You miss the killer bee.
The killer bee is moderately wounded.
The killer bee barely misses you. x2
You completely miss the killer bee.
The killer bee is moderately wounded.
The killer bee barely misses you.
The killer bee stings you but does no damage.
You closely miss the killer bee.
The killer bee is moderately wounded.
The killer bee barely misses you.
The killer bee stings you but does no damage.
You miss the killer bee.
The killer bee is moderately wounded.
The killer bee stings you but does no damage.
The killer bee stings you.
You are poisoned.
The killer bee poisons you!
You miss the killer bee.
The killer bee is moderately wounded.
You are feeling hungry.
You feel sick. The killer bee misses you. The killer bee barely misses you.
You barely miss the killer bee.
The killer bee is moderately wounded.
The killer bee stings you.
You are more poisoned.
The killer bee poisons you!
The killer bee stings you but does no damage.
Your scale mail prevents you from hitting the killer bee.
The killer bee is moderately wounded.
You feel sick. The killer bee barely misses you. The killer bee stings you!
The killer bee stings you.
You die...

You could see a killer bee.

Vanquished Creatures
  Pikel (D:5)
  The ghost of PeterLawrence the Cudgeler, an average MiFi (D:5)
  6 yaks (D:9)
  Edmund (D:6)
  A water moccasin (D:7)
  3 slaves (D:5)
  2 ice beasts
  A necrophage (D:6)
  3 giant frogs
  A scorpion (D:7)
  A hound (D:4)
  2 crimson imps (D:5)
  A giant frog zombie (D:6)
  A giant frog skeleton (D:5)
  3 orc wizards (D:5)
  2 iguanas
  A worker ant (D:7)
  5 gnolls
  4 adders
  2 shadow imps (D:5)
  A giant gecko (D:6)
  5 orcs
  A ball python (D:6)
  3 bats
  A giant cockroach (D:2)
  A hobgoblin (D:1)
  3 jackals (D:5)
  2 quokkas
  A giant newt (D:1)
  6 kobolds
  A quokka skeleton (D:4)
  3 rats
70 creatures vanquished.

Vanquished Creatures (others)
  An orc (D:5)
1 creature vanquished.

Grand Total: 71 creatures vanquished

Action                   |  1- 3 |  4- 6 |  7- 9 || total
-------------------------+-------+-------+-------++-------
Melee: War axe           |    59 |    62 |   163 ||   284
       Spear             |       |       |    27 ||    27
       Broad axe         |       |       |    13 ||    13
  Use: Potion            |     2 |       |     6 ||     8
       Scroll            |       |     1 |    16 ||    17
  Eat: Pizza             |       |     1 |       ||     1
       Chunk             |       |       |     5 ||     5
       Beef jerky        |       |       |     1 ||     1

Vault maps used:
D:1:      sevenhm_arrival_forest_fort_large_2, hex_intersection
D:2:      zin_academy, grunt_ministairs_8, st_stairs_14
D:3:      lemuel_round_altar, uniq_terence
D:4:      first_bread, st_stairs_8
D:5:      old_standard_altar, kennysheep_mini, uniq_pikel
D:6:      temple_fountains, serial_shops, nicolae_shop_window_shopping,
          nicolae_shop_statue_plus, minmay_holes, uniq_edmund
D:7:      grunt_temple_overflow_opulence, bloody_trog, fedhas_altar_2
D:8:      grunt_ogre_cave
D:9:      elyvilon_altar_1, old_standard_altar, ashenzari_conservatory_becter,
          st_stairs_4
Temple:   minmay_temple_bridge_a_8
